MapleLeafs vs Panthers

Created - March 18, 2017 at 10:19

Goals
1 2 3 OT1 T
MapleLeafs 0 3 0 1 4
Panthers 1 1 1 0 3
Shots
1 2 3 OT1 T
MapleLeafs 4 9 13 1 27
Panthers 5 13 9 0 27

1st period

1. Panthers , Nikolaj Ehlers 14 (Patrick Kane, Matt Duchene) at 12:58

Penalties :
Karl Alzner (TOR) for Hooking (Minor) at 2:57, Alexey Marchenko (TOR) for Roughing (Minor) at 14:09

2nd period

2. MapleLeafs , Jordan Staal 23 (David Backes) at 0:10
3. MapleLeafs , Jonathan Marchessault 16 (Mikael Backlund) at 5:10
4. MapleLeafs , David Backes 23 (Joffrey Lupul, Kris Russell) at 17:00 (PP)
5. Panthers , Vladimir Tarasenko 30 (Joe Thornton) at 17:19

Penalties :
Mikael Backlund (TOR) for Hooking (Minor) at 5:59, Milan Lucic (TOR) for Hooking (Minor) at 9:30, Patrick Kane (FLA) for Hooking (Minor) at 15:59, Nazem Kadri (TOR) for Tripping (Minor) at 18:34

3rd period

6. Panthers , Pavel Datsyuk 26 (Joe Thornton, Vladimir Tarasenko) at 11:03

Penalties :
Milan Lucic (TOR) for Tripping (Minor) at 8:14, David Backes (TOR) for Roughing (Minor) at 16:00, Danny DeKeyser (FLA) for Tripping (Minor) at 18:20

Overtime #1

7. MapleLeafs , Jordan Staal 24 (Nazem Kadri, Brent Seabrook) at 0:20

Penalties :
No Penalty

Goalie Stats

Keith Kinkaid (TOR), 24 saves from 27 shots - (0.889), W, 12-8-2, 60:21 minutes
Philipp Grubauer (FLA), 23 saves from 27 shots - (0.852), OTL, 6-2-3, 60:21 minutes

Players Stats for MapleLeafs

Player Name              G  A  P  +/- PIM S  H  SB GA TA FO     MP     PP MP  PK MP  
------------------------------------------------------------------------------------
Alexei Emelin            0  0  0   0  0   0  3  1  0  0  0/0    16:30   0:00   1:37 
Alexey Marchenko         0  0  0   0  2   0  2  1  0  0  0/0    19:31   0:00   5:22 
Andreas Athanasiou       0  0  0  -2  0   1  0  0  0  0  0/0    11:52   0:00   4:08 
Brent Seabrook           0  1  1  -1  0   0  1  1  0  0  0/0    24:06   1:18   7:43 
David Backes             1  1  2   1  2   5  3  0  0  0  0/0    19:25   0:51   5:51 
Jay Beagle               0  0  0   1  0   1  0  0  0  0  3/3    11:07   0:00   0:00 
Joffrey Lupul            0  1  1  -1  0   0  0  0  0  0  0/0    12:43   0:51   0:00 
Jonathan Marchessault    1  0  1   1  0   1  0  0  0  0  0/0    11:07   0:00   0:00 
Joonas Donskoi           0  0  0  -1  0   3  0  0  0  0  1/1    13:41   1:49   0:00 
Jordan Staal             2  0  2   1  0   3  1  0  0  0  15/30  21:52   0:51   7:56 
Karl Alzner              0  0  0  -1  2   0  2  0  0  0  0/0    22:34   1:18   6:26 
Kris Russell             0  1  1   0  0   1  0  1  0  0  0/0    22:11   1:22   6:02 
Mikael Backlund          0  1  1   1  2   2  0  0  0  0  13/21  16:32   0:00   5:25 
Milan Lucic              0  0  0   1  4   2  0  0  0  0  1/1    18:57   1:49   4:26 
Nazem Kadri              0  1  1  -1  2   6  0  0  0  0  7/14   14:00   1:49   0:00 
Nick Leddy               0  0  0   0  0   1  0  0  0  0  0/0    15:48   1:22   0:36 
Richard Panik            0  0  0  -2  0   1  1  0  0  0  0/1     7:44   0:00   0:00 
Riley Sheahan            0  0  0  -2  0   0  0  0  0  0  4/8     7:44   0:00   0:00 

Players Stats for Panthers

Player Name              G  A  P  +/- PIM S  H  SB GA TA FO     MP     PP MP  PK MP  
------------------------------------------------------------------------------------
Alex Tanguay             0  0  0   0  0   0  0  0  0  0  0/0    10:40   0:00   0:00 
Artem Anisimov           0  0  0   0  0   3  3  0  0  0  6/13   11:05   0:00   0:25 
Danny DeKeyser           0  0  0   0  2   0  0  0  0  0  0/0    13:12   0:00   0:00 
Jacob Trouba             0  0  0   1  0   4  3  0  0  0  0/0    23:52   6:35   2:14 
Jesper Fast              0  0  0   0  0   0  0  0  0  0  0/1     4:59   0:00   2:15 
Joe Thornton             0  2  2   1  0   0  0  0  0  0  13/26  21:45   7:13   0:00 
Justin Braun             0  0  0   0  0   0  0  0  0  0  0/0    23:17   7:18   0:46 
Matt Duchene             0  1  1   0  0   3  1  0  0  0  11/27  22:12   6:40   0:00 
Mikkel Boedker           0  0  0   0  0   1  0  0  0  0  0/0    10:40   0:00   0:00 
Nikolaj Ehlers           1  0  1   0  0   3  0  0  0  0  0/3    22:11   6:40   0:00 
Patrick Kane             0  1  1   0  2   4  2  0  0  0  0/1    22:36   6:40   0:25 
Pavel Datsyuk            1  0  1   1  0   4  1  0  0  0  0/0    21:45   7:13   0:00 
Pierre-Edouard Bellemare 0  0  0   0  0   1  1  1  0  0  3/6     5:19   0:00   2:35 
Reid Boucher             0  0  0   0  0   0  0  0  0  0  0/0     2:44   0:00   0:00 
T.J. Brodie              0  0  0   1  0   2  0  1  0  0  0/0    23:52   6:35   2:14 
Trevor van Riemsdyk      0  0  0   0  0   0  0  0  0  0  0/0    13:12   0:00   0:00 
Tyler Myers              0  0  0   0  0   1  0  0  0  0  0/0    23:16   7:18   0:46 
Vladimir Tarasenko       1  1  2   1  0   1  0  0  0  0  2/2    21:45   7:13   0:00 

3 Stars

1 - Jordan Staal (TOR)
2 - Vladimir Tarasenko (FLA)
3 - David Backes (TOR)

Power Play

MapleLeafs - 1 on 2 Attempt(s) - 50.00%
Panthers - 0 on 7 Attempt(s) - 0.00%

Penalty Kill

MapleLeafs - 7 on 7 Attempt(s) - 100.00% - Score 0 goal in Penalty Kill
Panthers - 1 on 2 Attempt(s) - 50.00% - Score 0 goal in Penalty Kill

Team Stat

MapleLeafs - Hits : 13 - Faceoff Wins : 44 - Blocked Shots : 4 - Penalty Minutes : 14
Panthers - Hits : 11 - Faceoff Wins : 35 - Blocked Shots : 2 - Penalty Minutes : 4

Official

Referees : Kelly Sutherland and Dave Jackson
Linesman : Brad Lazarowich and Shane Heyer

Game Notes

No Game Note

Finance

Level 1 -- Attendance: 6000 (100.00%) -- Ticket Income $642,000
Level 2 -- Attendance: 5000 (100.00%) -- Ticket Income $375,000
Level 3 -- Attendance: 3025 (86.43%) -- Ticket Income $148,225
Level 4 -- Attendance: 2953 (78.75%) -- Ticket Income $64,966
Luxury Box -- Attendance: 1000 (100.00%) -- Ticket Income $202,000
Game was played at the BBT Center.
Total Attendance: 17978 (93.39%)
Total Ticket Income: $1,432,191
Other Income: $214,829
Total Income: $1,647,020

% Time on Ice - MapleLeafs

Lines # - Real PCT - Wanted PCT - Time Play
Normal Forward
1 - 29% - 29% - 12:44
2 - 27% - 27% - 11:52
3 - 26% - 24% - 11:07
4 - 18% - 20% - 7:44
Normal Defense
1 - 34% - 35% - 14:43
2 - 34% - 33% - 14:47
3 - 32% - 32% - 13:50
4 - 0% - 0% - 0:07
PP Forward
1 - 68% - 53% - 1:49
2 - 32% - 47% - 0:51
PP Defense
1 - 49% - 53% - 1:18
2 - 51% - 47% - 1:22
PK Forward
1 - 52% - 52% - 7:16
2 - 48% - 48% - 6:37
PK Defense
1 - 55% - 55% - 7:37
2 - 45% - 45% - 6:16
PK3 Forward
1 - 0% - 52%
2 - 0% - 48%
PK3 Defense
1 - 0% - 55%
2 - 0% - 45%
44 Forward
1 - 100% - 53% - 0:20
2 - 0% - 47% - 0:00
44 Defense
1 - 100% - 53% - 0:20
2 - 0% - 47% - 0:00
Last Minute Offensive  - 0:00
Last Minute Defensive  - 0:00
Total
Forward - 60:20
Defense - 60:20

% Time on Ice - Panthers

Lines # - Real PCT - Wanted PCT - Time Play
Normal Forward
1 - 36% - 38% - 15:31
2 - 33% - 35% - 14:32
3 - 25% - 22% - 10:40
4 - 6% - 5% - 2:44
Normal Defense
1 - 35% - 40% - 15:03
2 - 35% - 35% - 15:12
3 - 30% - 25% - 13:12
4 - 0% - 0% - 0:00
PP Forward
1 - 48% - 50% - 6:40
2 - 52% - 50% - 7:13
PP Defense
1 - 47% - 60% - 6:35
2 - 53% - 40% - 7:18
PK Forward
1 - 84% - 60% - 2:15
2 - 16% - 40% - 0:25
PK Defense
1 - 71% - 60% - 1:54
2 - 29% - 40% - 0:46
PK3 Forward
1 - 100% - 60% - 0:20
2 - 0% - 40% - 0:00
PK3 Defense
1 - 100% - 60% - 0:20
2 - 0% - 40% - 0:00
44 Forward
1 - 0% - 60%
2 - 0% - 40%
44 Defense
1 - 0% - 60%
2 - 0% - 40%
Last Minute Offensive  - 0:00
Last Minute Defensive  - 0:00
Total
Forward - 60:20
Defense - 60:20

Play by Play

1st period


0:01 of 1st period - Jordan Staal wins face-off versus Matt Duchene in neutral zone.
0:43 of 1st period - Icing by Milan Lucic.
0:44 of 1st period - Vladimir Tarasenko wins face-off versus Jordan Staal in MapleLeafs zone.
0:45 of 1st period - Shot by Joe Thornton.
0:45 of 1st period - Shot Misses the Net.
0:47 of 1st period - Shot by Vladimir Tarasenko.
0:47 of 1st period - Shot Misses the Net.
1:30 of 1st period - Pavel Datsyuk is hit by Alexei Emelin and loses puck.
1:56 of 1st period - Shot by Alex Tanguay.
1:56 of 1st period - Shot Misses the Net.
2:57 of 1st period - Minor Penalty to Karl Alzner for Hooking.
2:58 of 1st period - Jordan Staal wins face-off versus Joe Thornton in MapleLeafs zone.
3:40 of 1st period - Icing by Justin Braun.
3:41 of 1st period - Joe Thornton wins face-off versus Jordan Staal in Panthers zone.
4:11 of 1st period - Shot by David Backes.
4:11 of 1st period - Shot Misses the Net.
5:02 of 1st period - Off-side.
5:03 of 1st period - Pierre-Edouard Bellemare wins face-off versus Riley Sheahan in neutral zone.
5:29 of 1st period - Icing by Alexey Marchenko.
5:30 of 1st period - Matt Duchene wins face-off versus Richard Panik in MapleLeafs zone.
6:11 of 1st period - Shot by Patrick Kane.
6:11 of 1st period - Deflect By Matt Duchene.
6:11 of 1st period - Stopped by Keith Kinkaid without a rebound.
6:12 of 1st period - Mikael Backlund wins face-off versus Artem Anisimov in MapleLeafs zone.
6:18 of 1st period - Icing by Alexei Emelin.
6:19 of 1st period - Mikael Backlund wins face-off versus Artem Anisimov in MapleLeafs zone.
6:19 of 1st period - Mikael Backlund is hit by Artem Anisimov.
6:38 of 1st period - Shot by Artem Anisimov.
6:38 of 1st period - Shot Misses the Net.
6:56 of 1st period - Shot by Mikkel Boedker.
6:56 of 1st period - Stopped by Keith Kinkaid without a rebound.
6:57 of 1st period - Jordan Staal wins face-off versus Joe Thornton in MapleLeafs zone.
7:28 of 1st period - Shot by David Backes.
7:28 of 1st period - Shot Misses the Net.
7:30 of 1st period - Shot by Jordan Staal.
7:30 of 1st period - Shot Hit the Post.
7:32 of 1st period - Shot by Jordan Staal.
7:32 of 1st period - Shot Misses the Net.
8:27 of 1st period - Icing by Alexey Marchenko.
8:28 of 1st period - Artem Anisimov wins face-off versus Nazem Kadri in MapleLeafs zone.
9:11 of 1st period - Shot by Artem Anisimov.
9:11 of 1st period - Stopped by Keith Kinkaid without a rebound.
9:12 of 1st period - Mikael Backlund wins face-off versus Matt Duchene in MapleLeafs zone.
10:24 of 1st period - Shot by Joe Thornton.
10:24 of 1st period - Shot Misses the Net.
10:34 of 1st period - Shot by Tyler Myers.
10:34 of 1st period - Shot Misses the Net.
10:52 of 1st period - Shot by Joe Thornton.
10:52 of 1st period - Shot Misses the Net.
11:22 of 1st period - Shot by Jordan Staal.
11:22 of 1st period - Shot Misses the Net.
12:01 of 1st period - David Backes is hit by Pierre-Edouard Bellemare and loses puck.
12:24 of 1st period - Brent Seabrook is hit by Matt Duchene.
12:38 of 1st period - Shot by Matt Duchene.
12:38 of 1st period - Deflect By Nikolaj Ehlers.
12:38 of 1st period - Shot Misses the Net.
12:58 of 1st period - Shot by Nikolaj Ehlers.
12:58 of 1st period - Goal by Nikolaj Ehlers - MapleLeafs : 0 - Panthers : 1.
12:59 of 1st period - Joe Thornton wins face-off versus Mikael Backlund in neutral zone.
14:09 of 1st period - Minor Penalty to Alexey Marchenko for Roughing.
14:10 of 1st period - Matt Duchene wins face-off versus Jordan Staal in MapleLeafs zone.
15:25 of 1st period - Shot by Tyler Myers.
15:25 of 1st period - Stopped by Keith Kinkaid without a rebound.
15:26 of 1st period - Mikael Backlund wins face-off versus Joe Thornton in MapleLeafs zone.
15:55 of 1st period - Icing by Tyler Myers.
15:56 of 1st period - Joe Thornton wins face-off versus Mikael Backlund in Panthers zone.
16:29 of 1st period - Icing by Alexey Marchenko.
16:30 of 1st period - Matt Duchene wins face-off versus Nazem Kadri in MapleLeafs zone.
16:30 of 1st period - Matt Duchene is hit by Alexey Marchenko.
16:38 of 1st period - Shot by Patrick Kane.
16:38 of 1st period - Deflect By Matt Duchene.
16:38 of 1st period - Shot Misses the Net.
16:41 of 1st period - Icing by Alexey Marchenko.
16:42 of 1st period - Nazem Kadri wins face-off versus Joe Thornton in MapleLeafs zone.
17:49 of 1st period - Shot by Kris Russell.
17:49 of 1st period - Stopped by Philipp Grubauer with a rebound.
17:57 of 1st period - Shot by Milan Lucic.
17:57 of 1st period - Shot Blocked by T.J. Brodie.
18:41 of 1st period - Shot by Richard Panik.
18:41 of 1st period - Stopped by Philipp Grubauer without a rebound.
18:42 of 1st period - Artem Anisimov wins face-off versus Mikael Backlund in Panthers zone.
19:14 of 1st period - Shot by Mikael Backlund.
19:14 of 1st period - Shot Misses the Net.
19:16 of 1st period - Shot by Nick Leddy.
19:16 of 1st period - Shot Misses the Net.
19:41 of 1st period - Shot by Nazem Kadri.
19:41 of 1st period - Stopped by Philipp Grubauer with a rebound.
19:58 of 1st period - Shot by Joonas Donskoi.
19:58 of 1st period - Stopped by Philipp Grubauer with a rebound.
Goals for this period are 0 for MapleLeafs vs 1 for Panthers.
Shots for this period are 4 for MapleLeafs vs 5 for Panthers.

2nd period


0:01 of 2nd period - Joe Thornton wins face-off versus Jordan Staal in neutral zone.
0:10 of 2nd period - Shot by Jordan Staal.
0:10 of 2nd period - Goal by Jordan Staal - MapleLeafs : 1 - Panthers : 1.
0:11 of 2nd period - Riley Sheahan wins face-off versus Patrick Kane in neutral zone.
0:39 of 2nd period - Shot by Nikolaj Ehlers.
0:39 of 2nd period - Stopped by Keith Kinkaid without a rebound.
0:40 of 2nd period - Jordan Staal wins face-off versus Joe Thornton in MapleLeafs zone.
1:00 of 2nd period - Shot by Milan Lucic.
1:00 of 2nd period - Stopped by Philipp Grubauer without a rebound.
1:01 of 2nd period - Mikael Backlund wins face-off versus Matt Duchene in Panthers zone.
1:10 of 2nd period - T.J. Brodie is hit by Karl Alzner and loses puck.
1:15 of 2nd period - Shot by Patrick Kane.
1:15 of 2nd period - Stopped by Keith Kinkaid without a rebound.
1:16 of 2nd period - Joe Thornton wins face-off versus Jordan Staal in MapleLeafs zone.
1:16 of 2nd period - Tyler Myers is hit by Alexei Emelin and loses puck.
1:31 of 2nd period - Tyler Myers is hit by Jordan Staal and loses puck.
1:56 of 2nd period - Shot by David Backes.
1:56 of 2nd period - Shot Misses the Net.
2:00 of 2nd period - Shot by David Backes.
2:00 of 2nd period - Stopped by Philipp Grubauer without a rebound.
2:01 of 2nd period - Matt Duchene wins face-off versus Riley Sheahan in Panthers zone.
2:43 of 2nd period - Shot by Richard Panik.
2:43 of 2nd period - Shot Misses the Net.
4:04 of 2nd period - Shot by David Backes.
4:04 of 2nd period - Shot Misses the Net.
4:30 of 2nd period - Shot by Vladimir Tarasenko.
4:30 of 2nd period - Shot Blocked by Kris Russell.
4:50 of 2nd period - Shot by Pierre-Edouard Bellemare.
4:50 of 2nd period - Stopped by Keith Kinkaid without a rebound.
4:51 of 2nd period - Jay Beagle wins face-off versus Matt Duchene in MapleLeafs zone.
4:56 of 2nd period - Shot by Mikael Backlund.
4:56 of 2nd period - Stopped by Philipp Grubauer with a rebound.
5:10 of 2nd period - Shot by Jonathan Marchessault.
5:10 of 2nd period - Goal by Jonathan Marchessault - MapleLeafs : 2 - Panthers : 1.
5:11 of 2nd period - Riley Sheahan wins face-off versus Pierre-Edouard Bellemare in neutral zone.
5:59 of 2nd period - Minor Penalty to Mikael Backlund for Hooking.
6:00 of 2nd period - Matt Duchene wins face-off versus Jordan Staal in MapleLeafs zone.
6:09 of 2nd period - Shot by T.J. Brodie.
6:09 of 2nd period - Stopped by Keith Kinkaid without a rebound.
6:10 of 2nd period - Jordan Staal wins face-off versus Matt Duchene in MapleLeafs zone.
6:10 of 2nd period - David Backes is hit by Patrick Kane and loses puck.
6:23 of 2nd period - Shot by Jacob Trouba.
6:23 of 2nd period - Stopped by Keith Kinkaid with a rebound.
7:32 of 2nd period - Icing by Pavel Datsyuk.
7:33 of 2nd period - Jordan Staal wins face-off versus Joe Thornton in Panthers zone.
8:04 of 2nd period - Shot by Artem Anisimov.
8:04 of 2nd period - Stopped by Keith Kinkaid without a rebound.
8:05 of 2nd period - Matt Duchene wins face-off versus Mikael Backlund in MapleLeafs zone.
8:05 of 2nd period - Matt Duchene is hit by Brent Seabrook.
8:28 of 2nd period - Shot by Nikolaj Ehlers.
8:28 of 2nd period - Stopped by Keith Kinkaid with a rebound.
8:41 of 2nd period - Shot by Patrick Kane.
8:41 of 2nd period - Stopped by Keith Kinkaid without a rebound.
8:42 of 2nd period - Nazem Kadri wins face-off versus Artem Anisimov in MapleLeafs zone.
8:42 of 2nd period - Nazem Kadri is hit by Artem Anisimov.
8:48 of 2nd period - Shot by Mikkel Boedker.
8:48 of 2nd period - Deflect By Alex Tanguay.
8:48 of 2nd period - Shot Misses the Net.
8:52 of 2nd period - Shot by Artem Anisimov.
8:52 of 2nd period - Shot Misses the Net.
9:19 of 2nd period - Icing by Danny DeKeyser.
9:20 of 2nd period - Artem Anisimov wins face-off versus Jordan Staal in Panthers zone.
9:26 of 2nd period - Danny DeKeyser is hit by David Backes and loses puck.
9:30 of 2nd period - Minor Penalty to Milan Lucic for Hooking.
9:31 of 2nd period - Jordan Staal wins face-off versus Matt Duchene in MapleLeafs zone.
9:48 of 2nd period - Shot by Jacob Trouba.
9:48 of 2nd period - Shot Misses the Net.
9:50 of 2nd period - Shot by Jacob Trouba.
9:50 of 2nd period - Stopped by Keith Kinkaid without a rebound.
9:51 of 2nd period - Mikael Backlund wins face-off versus Joe Thornton in MapleLeafs zone.
11:08 of 2nd period - Shot by Patrick Kane.
11:08 of 2nd period - Shot Misses the Net.
11:34 of 2nd period - Shot by Nazem Kadri.
11:34 of 2nd period - Stopped by Philipp Grubauer without a rebound.
11:35 of 2nd period - Artem Anisimov wins face-off versus Nazem Kadri in Panthers zone.
11:42 of 2nd period - Icing by Alexey Marchenko.
11:43 of 2nd period - Artem Anisimov wins face-off versus Nazem Kadri in MapleLeafs zone.
12:56 of 2nd period - Shot by Joe Thornton.
12:56 of 2nd period - Shot Misses the Net.
13:02 of 2nd period - Shot by Vladimir Tarasenko.
13:02 of 2nd period - Shot Misses the Net.
13:04 of 2nd period - Shot by Pavel Datsyuk.
13:04 of 2nd period - Deflect By Joe Thornton.
13:04 of 2nd period - Shot Blocked by Alexei Emelin.
13:14 of 2nd period - Shot by Pavel Datsyuk.
13:14 of 2nd period - Stopped by Keith Kinkaid without a rebound.
13:15 of 2nd period - Mikael Backlund wins face-off versus Matt Duchene in MapleLeafs zone.
13:15 of 2nd period - Mikael Backlund is hit by Patrick Kane.
13:28 of 2nd period - Shot by Matt Duchene.
13:28 of 2nd period - Stopped by Keith Kinkaid without a rebound.
13:29 of 2nd period - Riley Sheahan wins face-off versus Joe Thornton in MapleLeafs zone.
13:29 of 2nd period - Riley Sheahan is hit by Pavel Datsyuk.
13:40 of 2nd period - Icing by Tyler Myers.
13:41 of 2nd period - Vladimir Tarasenko wins face-off versus Jordan Staal in Panthers zone.
14:00 of 2nd period - Shot by Jordan Staal.
14:00 of 2nd period - Shot Misses the Net.
14:02 of 2nd period - Shot by David Backes.
14:02 of 2nd period - Shot Misses the Net.
14:04 of 2nd period - Shot by Milan Lucic.
14:04 of 2nd period - Stopped by Philipp Grubauer without a rebound.
14:05 of 2nd period - Matt Duchene wins face-off versus Mikael Backlund in Panthers zone.
14:30 of 2nd period - Shot by Patrick Kane.
14:30 of 2nd period - Stopped by Keith Kinkaid without a rebound.
14:31 of 2nd period - Jordan Staal wins face-off versus Joe Thornton in MapleLeafs zone.
15:59 of 2nd period - Minor Penalty to Patrick Kane for Hooking.
16:00 of 2nd period - Nazem Kadri wins face-off versus Pierre-Edouard Bellemare in Panthers zone.
16:07 of 2nd period - Shot by Nazem Kadri.
16:07 of 2nd period - Stopped by Philipp Grubauer without a rebound.
16:08 of 2nd period - Pierre-Edouard Bellemare wins face-off versus Nazem Kadri in Panthers zone.
17:00 of 2nd period - Shot by David Backes.
17:00 of 2nd period - Goal by David Backes - MapleLeafs : 3 - Panthers : 1.
17:01 of 2nd period - Matt Duchene wins face-off versus Mikael Backlund in neutral zone.
17:15 of 2nd period - Off-side.
17:16 of 2nd period - Joe Thornton wins face-off versus Riley Sheahan in neutral zone.
17:19 of 2nd period - Shot by Vladimir Tarasenko.
17:19 of 2nd period - Goal by Vladimir Tarasenko - MapleLeafs : 3 - Panthers : 2.
17:20 of 2nd period - Mikael Backlund wins face-off versus Matt Duchene in neutral zone.
18:34 of 2nd period - Minor Penalty to Nazem Kadri for Tripping.
18:35 of 2nd period - Joe Thornton wins face-off versus Jordan Staal in MapleLeafs zone.
19:05 of 2nd period - Shot by Pavel Datsyuk.
19:05 of 2nd period - Shot Misses the Net.
Goals for this period are 3 for MapleLeafs vs 1 for Panthers.
Shots for this period are 9 for MapleLeafs vs 13 for Panthers.

3rd period


0:01 of 3rd period - Matt Duchene wins face-off versus Jordan Staal in neutral zone.
1:11 of 3rd period - Tyler Myers is hit by Richard Panik and loses puck.
1:48 of 3rd period - Shot by Joffrey Lupul.
1:48 of 3rd period - Deflect By Joonas Donskoi.
1:48 of 3rd period - Shot Misses the Net.
1:50 of 3rd period - Shot by Nazem Kadri.
1:50 of 3rd period - Stopped by Philipp Grubauer without a rebound.
1:51 of 3rd period - Matt Duchene wins face-off versus Jordan Staal in Panthers zone.
1:58 of 3rd period - Shot by Matt Duchene.
1:58 of 3rd period - Deflect By Patrick Kane.
1:58 of 3rd period - Shot Misses the Net.
2:00 of 3rd period - Shot by T.J. Brodie.
2:00 of 3rd period - Shot Hit the Post.
2:09 of 3rd period - Off-side.
2:10 of 3rd period - Mikael Backlund wins face-off versus Artem Anisimov in neutral zone.
2:48 of 3rd period - Icing by Alexei Emelin.
2:49 of 3rd period - Mikael Backlund wins face-off versus Matt Duchene in MapleLeafs zone.
2:53 of 3rd period - Off-side.
2:54 of 3rd period - Jordan Staal wins face-off versus Matt Duchene in neutral zone.
3:09 of 3rd period - Shot by Jordan Staal.
3:09 of 3rd period - Stopped by Philipp Grubauer without a rebound.
3:10 of 3rd period - Joe Thornton wins face-off versus Nazem Kadri in Panthers zone.
3:17 of 3rd period - Shot by Pavel Datsyuk.
3:17 of 3rd period - Stopped by Keith Kinkaid without a rebound.
3:18 of 3rd period - Milan Lucic wins face-off versus Matt Duchene in MapleLeafs zone.
3:30 of 3rd period - Shot by David Backes.
3:30 of 3rd period - Deflect By Milan Lucic.
3:30 of 3rd period - Shot Misses the Net.
3:32 of 3rd period - Shot by Jordan Staal.
3:32 of 3rd period - Shot Misses the Net.
3:36 of 3rd period - Shot by David Backes.
3:36 of 3rd period - Stopped by Philipp Grubauer with a rebound.
3:38 of 3rd period - Shot by Jordan Staal.
3:38 of 3rd period - Shot Misses the Net.
3:40 of 3rd period - Shot by David Backes.
3:40 of 3rd period - Stopped by Philipp Grubauer without a rebound.
3:41 of 3rd period - Joonas Donskoi wins face-off versus Joe Thornton in Panthers zone.
3:56 of 3rd period - Shot by Joonas Donskoi.
3:56 of 3rd period - Shot Misses the Net.
4:05 of 3rd period - Icing by Justin Braun.
4:06 of 3rd period - Joe Thornton wins face-off versus Jordan Staal in Panthers zone.
4:34 of 3rd period - Tyler Myers is hit by David Backes.
5:22 of 3rd period - Shot by Patrick Kane.
5:22 of 3rd period - Stopped by Keith Kinkaid without a rebound.
5:23 of 3rd period - Nazem Kadri wins face-off versus Artem Anisimov in MapleLeafs zone.
5:32 of 3rd period - Shot by Joonas Donskoi.
5:32 of 3rd period - Stopped by Philipp Grubauer without a rebound.
5:33 of 3rd period - Mikael Backlund wins face-off versus Matt Duchene in Panthers zone.
5:40 of 3rd period - Shot by Mikael Backlund.
5:40 of 3rd period - Stopped by Philipp Grubauer with a rebound.
6:24 of 3rd period - Shot by Joonas Donskoi.
6:24 of 3rd period - Stopped by Philipp Grubauer without a rebound.
6:25 of 3rd period - Joe Thornton wins face-off versus Jordan Staal in Panthers zone.
6:33 of 3rd period - Off-side.
6:34 of 3rd period - Nazem Kadri wins face-off versus Joe Thornton in neutral zone.
7:12 of 3rd period - Shot by Nazem Kadri.
7:12 of 3rd period - Stopped by Philipp Grubauer without a rebound.
7:13 of 3rd period - Riley Sheahan wins face-off versus Nikolaj Ehlers in Panthers zone.
7:13 of 3rd period - Riley Sheahan is hit by Jacob Trouba.
7:39 of 3rd period - Shot by Andreas Athanasiou.
7:39 of 3rd period - Stopped by Philipp Grubauer with a rebound.
8:02 of 3rd period - Icing by T.J. Brodie.
8:03 of 3rd period - Jordan Staal wins face-off versus Matt Duchene in Panthers zone.
8:03 of 3rd period - Jordan Staal is hit by Jacob Trouba.
8:07 of 3rd period - Shot by Milan Lucic.
8:07 of 3rd period - Shot Misses the Net.
8:14 of 3rd period - Minor Penalty to Milan Lucic for Tripping.
8:15 of 3rd period - Joe Thornton wins face-off versus Jordan Staal in MapleLeafs zone.
8:15 of 3rd period - Pavel Datsyuk is hit by Alexey Marchenko and loses puck.
8:37 of 3rd period - Shot by Tyler Myers.
8:37 of 3rd period - Shot Blocked by Alexey Marchenko.
8:39 of 3rd period - Shot by Tyler Myers.
8:39 of 3rd period - Shot Misses the Net.
8:41 of 3rd period - Shot by Pavel Datsyuk.
8:41 of 3rd period - Stopped by Keith Kinkaid without a rebound.
8:42 of 3rd period - Joe Thornton wins face-off versus Mikael Backlund in MapleLeafs zone.
8:53 of 3rd period - Shot by T.J. Brodie.
8:53 of 3rd period - Stopped by Keith Kinkaid without a rebound.
8:54 of 3rd period - Mikael Backlund wins face-off versus Matt Duchene in MapleLeafs zone.
9:06 of 3rd period - Shot by Tyler Myers.
9:06 of 3rd period - Shot Misses the Net.
9:08 of 3rd period - Shot by Patrick Kane.
9:08 of 3rd period - Shot Misses the Net.
9:27 of 3rd period - Nikolaj Ehlers is hit by Karl Alzner and loses puck.
10:13 of 3rd period - Shot by Jacob Trouba.
10:13 of 3rd period - Stopped by Keith Kinkaid without a rebound.
10:14 of 3rd period - Nazem Kadri wins face-off versus Artem Anisimov in MapleLeafs zone.
10:14 of 3rd period - Nazem Kadri is hit by Artem Anisimov.
10:29 of 3rd period - Shot by Alex Tanguay.
10:29 of 3rd period - Shot Misses the Net.
10:31 of 3rd period - Shot by Artem Anisimov.
10:31 of 3rd period - Stopped by Keith Kinkaid without a rebound.
10:32 of 3rd period - Joe Thornton wins face-off versus Riley Sheahan in MapleLeafs zone.
10:51 of 3rd period - Shot by Joe Thornton.
10:51 of 3rd period - Shot Blocked by Brent Seabrook.
11:03 of 3rd period - Shot by Pavel Datsyuk.
11:03 of 3rd period - Goal by Pavel Datsyuk - MapleLeafs : 3 - Panthers : 3.
11:04 of 3rd period - Jordan Staal wins face-off versus Nikolaj Ehlers in neutral zone.
11:09 of 3rd period - Shot by David Backes.
11:09 of 3rd period - Shot Misses the Net.
11:43 of 3rd period - Icing by Justin Braun.
11:44 of 3rd period - Jay Beagle wins face-off versus Matt Duchene in Panthers zone.
12:20 of 3rd period - Shot by Mikael Backlund.
12:20 of 3rd period - Deflect By Jay Beagle.
12:20 of 3rd period - Stopped by Philipp Grubauer without a rebound.
12:21 of 3rd period - Nazem Kadri wins face-off versus Joe Thornton in Panthers zone.
12:55 of 3rd period - Joonas Donskoi is hit by Jacob Trouba and loses puck.
13:02 of 3rd period - Shot by Nazem Kadri.
13:02 of 3rd period - Stopped by Philipp Grubauer without a rebound.
13:03 of 3rd period - Jordan Staal wins face-off versus Artem Anisimov in Panthers zone.
13:16 of 3rd period - Shot by Milan Lucic.
13:16 of 3rd period - Shot Misses the Net.
14:03 of 3rd period - Icing by Kris Russell.
14:04 of 3rd period - Matt Duchene wins face-off versus Mikael Backlund in MapleLeafs zone.
14:11 of 3rd period - Patrick Kane is hit by Alexei Emelin and loses puck.
14:28 of 3rd period - Shot by Matt Duchene.
14:28 of 3rd period - Shot Misses the Net.
14:33 of 3rd period - Icing by Alexei Emelin.
14:34 of 3rd period - Jay Beagle wins face-off versus Joe Thornton in MapleLeafs zone.
15:21 of 3rd period - Icing by Jonathan Marchessault.
15:22 of 3rd period - Mikael Backlund wins face-off versus Matt Duchene in MapleLeafs zone.
15:41 of 3rd period - Shot by Matt Duchene.
15:41 of 3rd period - Stopped by Keith Kinkaid with a rebound.
15:43 of 3rd period - Shot by Jacob Trouba.
15:43 of 3rd period - Stopped by Keith Kinkaid without a rebound.
15:44 of 3rd period - Artem Anisimov wins face-off versus Jordan Staal in MapleLeafs zone.
15:57 of 3rd period - Shot by Artem Anisimov.
15:57 of 3rd period - Shot Misses the Net.
16:00 of 3rd period - Minor Penalty to David Backes for Roughing.
16:01 of 3rd period - Jordan Staal wins face-off versus Nikolaj Ehlers in MapleLeafs zone.
18:20 of 3rd period - Minor Penalty to Danny DeKeyser for Tripping.
18:21 of 3rd period - Pierre-Edouard Bellemare wins face-off versus Nazem Kadri in Panthers zone.
18:48 of 3rd period - Shot by Nick Leddy.
18:48 of 3rd period - Stopped by Philipp Grubauer without a rebound.
18:49 of 3rd period - Jordan Staal wins face-off versus Jesper Fast in Panthers zone.
18:52 of 3rd period - Shot by Karl Alzner.
18:52 of 3rd period - Shot Misses the Net.
18:54 of 3rd period - Shot by David Backes.
18:54 of 3rd period - Stopped by Philipp Grubauer with a rebound.
18:56 of 3rd period - Shot by Jordan Staal.
18:56 of 3rd period - Shot Misses the Net.
19:19 of 3rd period - T.J. Brodie is hit by David Backes and loses puck.
Goals for this period are 0 for MapleLeafs vs 1 for Panthers.
Shots for this period are 13 for MapleLeafs vs 9 for Panthers.

Overtime #1


0:01 of 1st overtime period - Jordan Staal wins face-off versus Pierre-Edouard Bellemare in neutral zone.
0:16 of 1st overtime period - Shot by Jordan Staal.
0:16 of 1st overtime period - Shot Misses the Net.
0:18 of 1st overtime period - Shot by Nazem Kadri.
0:18 of 1st overtime period - Shot Blocked by Pierre-Edouard Bellemare.
0:20 of 1st overtime period - Shot by Jordan Staal.
0:20 of 1st overtime period - Goal by Jordan Staal - MapleLeafs : 4 - Panthers : 3.
Goals for this period are 1 for MapleLeafs vs 0 for Panthers.
Shots for this period are 1 for MapleLeafs vs 0 for Panthers.